[Event "3rd FIDE WCCC Rapid G10 2019"]
[Site "Minsk"]
[Date "2019.08.17"]
[Round "7.4"]
[White "Shukhman, Anna"]
[Black "Mutina, Sofia"]
[Result "1-0"]
[ECO "C11"]
[WhiteElo "1806"]
[BlackElo "1421"]
[Annotator "NA"]
[PlyCount "85"]
[EventDate "2019.08.16"]
[EventType "swiss"]
[EventCountry "BLR"]
[SourceTitle "playchess.com"]
[Source "ChessBase"]
[SourceQuality "1"]
[TimeControl "600+5"]

1. e4 e6 2. Nf3 d5 3. Nc3 Nf6 4. e5 Nfd7 5. d4 c5 6. dxc5 Nc6 7. Bf4 Bxc5 8. Bd3 h6 9. O-O O-O 10. Re1 a6 11. Qd2 b5 12. Bxh6 Re8 13. Bf4 Nf8 14. Qe2 Be7 15. a3 b4 16. axb4 Nxb4 17. Nd4 Nxd3 18. Qxd3 Bb7 19. Re3 Bg5 20. Bxg5 Qxg5 21. Rae1 Ng6 22. Rg3 Qf4 23. Rf3 Qg5 24. Rg3 Qf4 25. Nf3 Bc6 26. Qd4 Qf5 27. Re2 Nf4 28. Rd2 Bb5 29. Nxb5 axb5 30. h3 Ra4 31. Qc3 Qe4 32. Kh2 Rea8 33. Rg4 Qf5 34. Rg5 Qe4 35. Nd4 Rc4 36. Qg3 Ng6 37. c3 Ra2 38. f4 Qxf4 39. Rxg6 Qxd2 40. Rxg7+ Kf8 41. Rg8+ Ke7 42. Qh4+ Kd7 43. Qd8# 1-0

[Event "3rd FIDE WCCC Rapid G10 2019"]
[Site "Minsk"]
[Date "2019.08.17"]
[Round "7.5"]
[White "Liashkevich, Lizaveta"]
[Black "Kulygina, Uliyana"]
[Result "1-0"]
[ECO "E80"]
[WhiteElo "1370"]
[BlackElo "1358"]
[Annotator "NA"]
[PlyCount "117"]
[EventDate "2019.08.16"]
[EventType "swiss"]
[EventCountry "BLR"]
[SourceTitle "playchess.com"]
[Source "ChessBase"]
[SourceQuality "1"]
[TimeControl "600+5"]

1. d4 Nf6 2. c4 g6 3. Nc3 Bg7 4. e4 d6 5. f3 Nc6 6. Be3 a6 7. Qd2 Rb8 8. Bd3 e5 9. d5 Nd4 10. Nge2 Nxe2 11. Bxe2 Bd7 12. a4 h6 13. O-O h5 14. b4 O-O 15. c5 Ne8 16. b5 f5 17. bxa6 f4 18. Bf2 bxa6 19. Bxa6 Qg5 20. c6 Bc8 21. Bxc8 Rxc8 22. a5 h4 23. Kh1 Nf6 24. Qe1 h3 25. gxh3 Qh5 26. Qe2 Qxh3 27. Nb5 Kf7 28. Be1 Rh8 29. a6 Nh5 30. Qg2 Ng3+ 31. Bxg3 fxg3 32. Qxh3 Rxh3 33. Ra2 Rch8 34. a7 g2+ 35. Rxg2 Bh6 36. Rff2 Bf4 37. Kg1 Be3 38. Kf1 Bxf2 39. Kxf2 Ra8 40. Ke3 Rhh8 41. Ra2 Rhc8 42. f4 exf4+ 43. Kxf4 Ke7 44. Ke3 Kf7 45. Rg2 Kg7 46. h4 Kh6 47. Kd4 Kh7 48. Kc4 Kh6 49. Kb4 Kg7 50. Ka5 Kh7 51. Ka6 Kh6 52. Rf2 Kg7 53. Rf3 Kg8 54. Rf6 Kg7 55. Rf4 Kg8 56. Kb7 Kg7 57. Nxc7 Rxa7+ 58. Kxc8 Ra4 59. Kd7 1-0

[Event "3rd FIDE WCCC Rapid G10 2019"]
[Site "Minsk"]
[Date "2019.08.17"]
[Round "7.6"]
[White "Mai, Hieu Linh"]
[Black "Dolinskaya, Mariia"]
[Result "0-1"]
[ECO "C05"]
[WhiteElo "1344"]
[BlackElo "1460"]
[Annotator "NA"]
[PlyCount "40"]
[EventDate "2019.08.16"]
[EventType "swiss"]
[EventCountry "BLR"]
[SourceTitle "playchess.com"]
[Source "ChessBase"]
[SourceQuality "1"]
[TimeControl "600+5"]

1. e4 e6 2. d4 d5 3. Nd2 Nf6 4. e5 Nfd7 5. Bd3 c5 6. c3 Nc6 7. Ne2 Qb6 8. Nf3 cxd4 9. cxd4 f6 10. exf6 Nxf6 11. O-O Bd6 12. b3 O-O 13. Bb2 Bd7 14. Ne5 Bxe5 15. dxe5 Ng4 16. Qc2 Nxf2 17. Bxh7+ Kh8 18. Bg6 Nd1+ 19. Kh1 Rxf1+ 20. Ng1 Rxg1# 0-1

[Event "3rd FIDE WCCC Rapid G10 2019"]
[Site "Minsk"]
[Date "2019.08.17"]
[Round "8.1"]
[White "Fedorova, Olesya"]
[Black "Khamdamova, Afruza"]
[Result "0-1"]
[ECO "C89"]
[WhiteElo "1578"]
[BlackElo "1607"]
[Annotator "NA"]
[PlyCount "144"]
[EventDate "2019.08.16"]
[EventType "swiss"]
[EventCountry "BLR"]
[SourceTitle "playchess.com"]
[Source "ChessBase"]
[SourceQuality "1"]
[TimeControl "600+5"]

1. e4 e5 2. Nf3 Nc6 3. Bb5 a6 4. Ba4 Nf6 5. O-O Be7 6. Re1 b5 7. Bb3 O-O 8. c3 d5 9. exd5 Nxd5 10. Nxe5 Nxe5 11. Rxe5 c6 12. Qf3 Bd6 13. Re1 Re8 14. Rxe8+ Qxe8 15. Qd1 Qe5 16. g3 Bh3 17. d4 Qe4 18. f3 Qg6 19. Bxd5 Bxg3 20. Be4 f5 21. Qc2 Bh4+ 22. Kh1 fxe4 23. Be3 Rf8 24. Na3 Rxf3 25. Rg1 Qf5 26. Bh6 g6 27. Qb3+ Kh8 28. Qd1 Rf2 29. d5 Qxd5 30. Qxd5 cxd5 31. Rd1 Kg8 32. Kg1 Kf7 33. Be3 Rg2+ 34. Kh1 Ke6 35. Bd4 Rg4 36. Rd2 Rf4 37. Rd1 Bf6 38. Nc2 Bg4 39. Rd2 Bf3+ 40. Kg1 Rg4+ 41. Kf1 Bg5 42. Be3 Bxe3 43. Nxe3 Rg5 44. b4 Rh5 45. Kg1 Rg5+ 46. Kf1 Bg4 47. h4 Bh3+ 48. Kf2 Rh5 49. Kg3 Bf5 50. Nxd5 Ke5 51. Nf4 Rh6 52. Rd5+ Kf6 53. Rd6+ Ke5 54. Rxa6 Rxh4 55. Nxg6+ hxg6 56. Kxh4 Kf4 57. Ra7 e3 58. Re7 Kf3 59. Re5 Be4 60. Kg5 e2 61. Re8 e1=Q 62. Rf8+ Ke3 63. Re8 Qxc3 64. a4 Qxb4 65. axb5 Qxb5+ 66. Kg4 Qxe8 67. Kg3 Qe5+ 68. Kg4 Qf5+ 69. Kg3 Qf4+ 70. Kh3 Bf5+ 71. Kg2 Qf2+ 72. Kh1 Be4# 0-1

[Event "3rd FIDE WCCC Rapid G10 2019"]
[Site "Minsk"]
[Date "2019.08.17"]
[Round "8.2"]
[White "Nurgaliyeva, Zarina"]
[Black "Toroptseva, Yevheniia"]
[Result "1-0"]
[ECO "B11"]
[WhiteElo "1474"]
[BlackElo "1496"]
[Annotator "NA"]
[PlyCount "155"]
[EventDate "2019.08.16"]
[EventType "swiss"]
[EventCountry "BLR"]
[SourceTitle "playchess.com"]
[Source "ChessBase"]
[SourceQuality "1"]
[TimeControl "600+5"]

1. e4 c6 2. Nc3 d5 3. Nf3 Bg4 4. h3 Bxf3 5. Qxf3 e6 6. Be2 d4 7. Nd1 e5 8. O-O a6 9. Bc4 Qd7 10. d3 b5 11. Bb3 c5 12. Qg3 f6 13. f4 Bd6 14. Bd5 Ra7 15. fxe5 Bxe5 16. Bf4 Qd6 17. Bxe5 Qxe5 18. Qxe5+ fxe5 19. Nf2 Nf6 20. Bb3 Nc6 21. a4 b4 22. Nh1 Na5 23. Ng3 Rf8 24. Rf5 Re7 25. Raf1 Nxb3 26. cxb3 Kd7 27. Nh5 Ke6 28. g4 Ref7 29. Ng3 g6 30. R5f2 Nd7 31. Ne2 Rxf2 32. Rxf2 Rxf2 33. Kxf2 Nb8 34. Kg3 Kf6 35. Kh4 Nc6 36. Ng1 Na5 37. Nf3 Nxb3 38. g5+ Ke6 39. Kg4 Nc1 40. Ne1 Ne2 41. h4 Nf4 42. b3 Ne2 43. Nf3 Nc1 44. Nd2 Nxd3 45. Kf3 Nf4 46. Nc4 Nd3 47. Ke2 Nc1+ 48. Kd2 Nxb3+ 49. Kc2 Na1+ 50. Kb2 Kd7 51. Kxa1 Kc6 52. Kb2 Kd7 53. Kb3 Ke6 54. Nd2 Kd6 55. Kc4 Kc6 56. Nb3 Kb6 57. a5+ Kc6 58. Nxc5 b3 59. Nxb3 d3 60. Kxd3 Kb5 61. Kc3 Kc6 62. Kc4 Kd6 63. Nc5 Kc6 64. Nxa6 Kb7 65. Nb4 Ka7 66. Kd5 Kb7 67. Kxe5 Kc7 68. Kf6 Kc8 69. e5 Kd7 70. a6 Kc7 71. e6 Kc8 72. e7 Kd7 73. a7 Kc7 74. a8=Q Kb6 75. e8=Q Kc5 76. Qa5+ Kc4 77. Qc6+ Kb3 78. Qc2# 1-0

[Event "3rd FIDE WCCC Rapid G10 2019"]
[Site "Minsk"]
[Date "2019.08.17"]
[Round "8.3"]
[White "Dolinskaya, Mariia"]
[Black "Shukhman, Anna"]
[Result "0-1"]
[ECO "A43"]
[WhiteElo "1460"]
[BlackElo "1806"]
[Annotator "NA"]
[PlyCount "78"]
[EventDate "2019.08.16"]
[EventType "swiss"]
[EventCountry "BLR"]
[SourceTitle "playchess.com"]
[Source "ChessBase"]
[SourceQuality "1"]
[TimeControl "600+5"]

1. d4 Nf6 2. Nf3 c5 3. d5 b5 4. e3 Bb7 5. c4 d6 6. Nc3 b4 7. Ne2 g6 8. Nf4 Bg7 9. Be2 O-O 10. O-O Nbd7 11. Qc2 Nb6 12. Rb1 Bc8 13. Bd3 Bg4 14. Qe2 Nfd7 15. h3 Bxf3 16. Qxf3 Ne5 17. Qe2 a5 18. b3 a4 19. Bb2 axb3 20. axb3 Ra2 21. Ra1 Rxb2 22. Qd1 Qc7 23. Kh1 Qb7 24. Bc2 Ra8 25. Rxa8+ Qxa8 26. Bb1 Qa3 27. Nd3 Nxd3 28. Qxd3 Qxb3 29. Qxb3 Rxb3 30. Be4 Nxc4 31. Rc1 Nd2 32. Bc2 Rc3 33. Kg1 b3 34. f3 b2 35. Rb1 Nxb1 36. Bxb1 Rc1+ 37. Kf2 Rxb1 38. Ke2 Ra1 39. Kd3 b1=Q+ 0-1

[Event "3rd FIDE WCCC Rapid G10 2019"]
[Site "Minsk"]
[Date "2019.08.17"]
[Round "8.4"]
[White "Satanovskaia, Evgeniia"]
[Black "Liashkevich, Lizaveta"]
[Result "1-0"]
[ECO "D35"]
[WhiteElo "1399"]
[BlackElo "1370"]
[Annotator "NA"]
[PlyCount "65"]
[EventDate "2019.08.16"]
[EventType "swiss"]
[EventCountry "BLR"]
[SourceTitle "playchess.com"]
[Source "ChessBase"]
[SourceQuality "1"]
[TimeControl "600+5"]

1. d4 d5 2. c4 e6 3. Nc3 Nf6 4. cxd5 exd5 5. Bg5 Be7 6. e3 h6 7. Bh4 O-O 8. Qc2 b6 9. Bd3 Bb7 10. Nge2 Nbd7 11. O-O c5 12. Rad1 Ne4 13. Bxe4 dxe4 14. Bxe7 Qxe7 15. d5 f5 16. Nf4 Ne5 17. Qb3 Kh7 18. Nce2 Ba6 19. Rfe1 Bd3 20. Qc3 Qf6 21. Ne6 Rf7 22. N2f4 Rd7 23. Nh5 Qg5 24. Nxg5+ hxg5 25. Qxe5 Rf7 26. Rxd3 exd3 27. Qc3 Kh6 28. Ng3 Re8 29. Qxd3 f4 30. Nf5+ Kh5 31. Nd6 Rfe7 32. Qh7+ Kg4 33. Qh3# 1-0

[Event "3rd FIDE WCCC Rapid G10 2019"]
[Site "Minsk"]
[Date "2019.08.17"]
[Round "8.5"]
[White "Konkol, Sandra"]
[Black "Mizerova, Yana"]
[Result "0-1"]
[ECO "C02"]
[WhiteElo "1257"]
[BlackElo "1336"]
[Annotator "NA"]
[PlyCount "144"]
[EventDate "2019.08.16"]
[EventType "swiss"]
[EventCountry "BLR"]
[SourceTitle "playchess.com"]
[Source "ChessBase"]
[SourceQuality "1"]
[TimeControl "600+5"]

1. e4 e6 2. d4 d5 3. e5 c5 4. c3 Nc6 5. Nf3 Bd7 6. Be2 f6 7. exf6 Nxf6 8. Bg5 Be7 9. O-O O-O 10. Re1 cxd4 11. Nxd4 Nxd4 12. Qxd4 Ne4 13. Bxe7 Qxe7 14. f3 Nd6 15. Nd2 Nf5 16. Qd3 Qg5 17. Rf1 a6 18. Ne4 Qh6 19. Nc5 Bb5 20. Qc2 Qe3+ 21. Rf2 Qxc5 22. Bxb5 Qxb5 23. Re1 Rae8 24. Rfe2 Qb6+ 25. Kh1 Rf6 26. Re5 Rc8 27. f4 d4 28. Qd2 dxc3 29. bxc3 Qd6 30. Qb2 Qc6 31. Qb3 Nh4 32. R1e2 Qxc3 33. Qxb7 Qc6 34. Qb3 Rxf4 35. h3 Rf1+ 36. Kh2 Qd6 37. g3 Qc6 38. Qxe6+ Qxe6 39. Rxe6 Ng6 40. Rxa6 Rcf8 41. Ra7 R8f2+ 42. Rxf2 Rxf2+ 43. Kg1 Rd2 44. a4 Ra2 45. a5 Ne5 46. a6 Nc6 47. Ra8+ Kf7 48. Kf1 Nb4 49. a7 Nc6 50. Rc8 Nxa7 51. Rc7+ Kf6 52. Rb7 Ra6 53. Ke2 Nc6 54. Kf3 Ne5+ 55. Ke4 Ra4+ 56. Ke3 Ra3+ 57. Kf2 Nd3+ 58. Kg2 Ra2+ 59. Kf3 Ne5+ 60. Kf4 Rf2+ 61. Ke3 Rf3+ 62. Ke2 Rxg3 63. Rb6+ Kf5 64. Rb5 Rxh3 65. Kf2 g5 66. Kg2 Ra3 67. Rb7 h5 68. Rh7 Ra2+ 69. Kh1 Kg4 70. Kg1 h4 71. Kh1 Kg3 72. Rg7 Ra1# 0-1

[Event "3rd FIDE WCCC Rapid G10 2019"]
[Site "Minsk"]
[Date "2019.08.17"]
[Round "8.6"]
[White "Kuzmina, Varvara"]
[Black "Tsareva, Darya"]
[Result "1-0"]
[ECO "A05"]
[WhiteElo "1262"]
[BlackElo "1177"]
[Annotator "NA"]
[PlyCount "99"]
[EventDate "2019.08.16"]
[EventType "swiss"]
[EventCountry "BLR"]
[SourceTitle "playchess.com"]
[Source "ChessBase"]
[SourceQuality "1"]
[TimeControl "600+5"]

1. Nf3 Nf6 2. g3 d5 3. Bg2 c6 4. O-O g6 5. d4 Bg7 6. b3 O-O 7. Bb2 Qc7 8. Nbd2 Nbd7 9. c4 dxc4 10. Nxc4 Nb6 11. Nfe5 Nfd7 12. Nxb6 Qxb6 13. Nc4 Qc7 14. d5 Bxb2 15. Nxb2 cxd5 16. Bxd5 Rd8 17. Bg2 Rb8 18. Qc1 Qe5 19. Nc4 Qg7 20. Qb2 Nf6 21. Rfd1 Bd7 22. Qa3 a6 23. Qxe7 Re8 24. Qd6 b5 25. Nb6 Rbd8 26. Nxd7 Nxd7 27. Qxa6 Rxe2 28. Qxb5 Re7 29. Rac1 Kf8 30. Rc7 f5 31. Bc6 Ke8 32. Bxd7+ Rdxd7 33. Rcxd7 Rxd7 34. Qxd7+ Qxd7 35. Rxd7 Kxd7 36. Kf1 Kc6 37. Ke2 Kb5 38. Kd3 Kb4 39. Kd4 Ka3 40. Ke5 Kxa2 41. b4 Ka3 42. b5 Ka4 43. b6 Ka5 44. b7 Ka4 45. b8=Q Ka3 46. Qb5 Ka2 47. Qb4 f4 48. Kd4 fxg3 49. Kc3 gxf2 50. Qb2# 1-0

[Event "3rd FIDE WCCC Rapid G10 2019"]
[Site "Minsk"]
[Date "2019.08.17"]
[Round "9.1"]
[White "Khamdamova, Afruza"]
[Black "Shukhman, Anna"]
[Result "0-1"]
[ECO "B43"]
[WhiteElo "1607"]
[BlackElo "1806"]
[Annotator "NA"]
[PlyCount "108"]
[EventDate "2019.08.16"]
[EventType "swiss"]
[EventCountry "BLR"]
[SourceTitle "playchess.com"]
[Source "ChessBase"]
[SourceQuality "1"]
[TimeControl "600+5"]

1. e4 c5 2. Nf3 e6 3. d4 cxd4 4. Nxd4 a6 5. Nc3 Qc7 6. Be2 b5 7. a3 Bb7 8. O-O Nf6 9. Bf3 Nc6 10. Be3 Ne5 11. Kh1 Be7 12. Bf4 d6 13. Bxe5 dxe5 14. Nb3 O-O 15. Qe2 Rfd8 16. Rad1 Rac8 17. Qe3 b4 18. axb4 Bxb4 19. Na2 Be7 20. c3 Qc4 21. Nac1 Qa4 22. Qa7 Qb5 23. c4 Qb4 24. c5 Bf8 25. Qb6 Qxb6 26. cxb6 Rxd1 27. Rxd1 Rc6 28. Na5 Rxb6 29. Nxb7 Rxb7 30. Nd3 Rb3 31. Kg1 g6 32. Kf1 Kg7 33. Ke2 Rb8 34. Ra1 Rb6 35. Rc1 a5 36. Rc5 Bxc5 37. Nxc5 Rxb2+ 38. Ke3 Rc2 39. Nd3 Nd7 40. Bd1 Ra2 41. Bb3 Ra3 42. Bc4 Nc5 43. f3 Nxd3 44. Bxd3 a4 45. Kd2 Ra2+ 46. Bc2 Rb2 47. Kc3 a3 48. g3 Rb8 49. Bb3 Kf8 50. h4 Ke7 51. Kc2 Kd6 52. Kc3 Kc5 53. g4 Rxb3+ 54. Kxb3 Kd4 0-1

[Event "3rd FIDE WCCC Rapid G10 2019"]
[Site "Minsk"]
[Date "2019.08.17"]
[Round "9.2"]
[White "Mizerova, Yana"]
[Black "Nurgaliyeva, Zarina"]
[Result "0-1"]
[ECO "A05"]
[WhiteElo "1336"]
[BlackElo "1474"]
[Annotator "NA"]
[PlyCount "78"]
[EventDate "2019.08.16"]
[EventType "swiss"]
[EventCountry "BLR"]
[SourceTitle "playchess.com"]
[Source "ChessBase"]
[SourceQuality "1"]
[TimeControl "600+5"]

1. Nf3 Nf6 2. g3 e6 3. Bg2 d5 4. d3 Nbd7 5. O-O Be7 6. Bf4 O-O 7. Nbd2 b6 8. c4 Bb7 9. Re1 c5 10. cxd5 Nxd5 11. Be5 Nxe5 12. Nxe5 Bf6 13. Ndf3 Qc7 14. d4 cxd4 15. Qxd4 Rad8 16. Rac1 Qb8 17. g4 Ne7 18. Qe3 Ng6 19. Nxg6 hxg6 20. g5 Bxb2 21. Rc2 Bxf3 22. Bxf3 Be5 23. h3 Bf4 24. Qc3 Bxg5 25. Qc7 Bf4 26. Qxb8 Rxb8 27. e3 Bd6 28. Rd1 Rfd8 29. Rcd2 Be7 30. Rd7 Rxd7 31. Rxd7 Bc5 32. Rxa7 Rd8 33. Ra8 Rxa8 34. Bxa8 Kf8 35. Kf1 Ke7 36. Bc6 Kd6 37. Be8 Ke7 38. Bc6 f6 39. f4 Bxe3 0-1

[Event "3rd FIDE WCCC Rapid G10 2019"]
[Site "Minsk"]
[Date "2019.08.17"]
[Round "9.3"]
[White "Toroptseva, Yevheniia"]
[Black "Fedorova, Olesya"]
[Result "0-1"]
[ECO "B22"]
[WhiteElo "1496"]
[BlackElo "1578"]
[Annotator "NA"]
[PlyCount "168"]
[EventDate "2019.08.16"]
[EventType "swiss"]
[EventCountry "BLR"]
[SourceTitle "playchess.com"]
[Source "ChessBase"]
[SourceQuality "1"]
[TimeControl "600+5"]

1. e4 c5 2. c3 Nf6 3. e5 Nd5 4. d4 cxd4 5. cxd4 Nc6 6. Bc4 Nb6 7. Bb3 d6 8. f4 dxe5 9. dxe5 Qxd1+ 10. Bxd1 Bf5 11. Nc3 Nb4 12. g4 Bxg4 13. a3 Nd3+ 14. Kd2 Nf2 15. Bxg4 Nxg4 16. Ke2 O-O-O 17. h3 Nh6 18. Be3 Nf5 19. Bf2 e6 20. Rc1 Kb8 21. Nf3 Be7 22. Nb5 Rc8 23. a4 Rc6 24. Nxa7 Kxa7 25. a5 Bd8 26. Rxc6 bxc6 27. Rd1 Ka6 28. axb6 Bxb6 29. Bxb6 Kxb6 30. Ng5 f6 31. Nxe6 fxe5 32. fxe5 Re8 33. Ng5 Rxe5+ 34. Kf2 h6 35. Nf3 Rd5 36. Rxd5 cxd5 37. Ke2 Kc5 38. Kd3 Kb4 39. Nd4 Nd6 40. Ne6 g5 41. Kd4 Ne4 42. Kxd5 Nf2 43. h4 gxh4 44. Nf4 h3 45. Nxh3 Nxh3 46. Ke4 Ng5+ 47. Kf5 Nf7 48. Kg6 Kb3 49. Kh5 Kxb2 50. Kh4 Kc3 51. Kh3 Kd3 52. Kh2 Ke3 53. Kh1 Kf3 54. Kg1 Ne5 55. Kh1 h5 56. Kh2 Ng4+ 57. Kh3 Nf6 58. Kh4 Kf4 59. Kh3 Kg5 60. Kg3 Ne4+ 61. Kh3 Nd6 62. Kg3 Nf5+ 63. Kh3 Kf4 64. Kh2 Kg4 65. Kg2 Ng3 66. Kh2 h4 67. Kg2 Nf5 68. Kh2 Ne3 69. Kg1 Kg3 70. Kh1 Ng4 71. Kg1 Nf2 72. Kf1 h3 73. Kg1 h2+ 74. Kf1 h1=Q+ 75. Ke2 Qf3+ 76. Kd2 Qe4 77. Kc3 Qd5 78. Kb4 Qc6 79. Ka5 Qb7 80. Ka4 Kf4 81. Ka3 Ke3 82. Ka2 Kd3 83. Ka3 Kc3 84. Ka2 Qb2# 0-1

[Event "3rd FIDE WCCC Rapid G10 2019"]
[Site "Minsk"]
[Date "2019.08.17"]
[Round "9.4"]
[White "Ho, Ngoc Vy"]
[Black "Satanovskaia, Evgeniia"]
[Result "1-0"]
[ECO "E06"]
[WhiteElo "1416"]
[BlackElo "1399"]
[Annotator "NA"]
[PlyCount "113"]
[EventDate "2019.08.16"]
[EventType "swiss"]
[EventCountry "BLR"]
[SourceTitle "playchess.com"]
[Source "ChessBase"]
[SourceQuality "1"]
[TimeControl "600+5"]

1. d4 Nf6 2. c4 e6 3. Nf3 d5 4. g3 Be7 5. Bg2 O-O 6. Nbd2 c5 7. O-O Nc6 8. cxd5 exd5 9. Nb3 c4 10. Nbd2 Bf5 11. a3 Qa5 12. Nh4 Nxd4 13. e3 Bc2 14. Nxc4 Bxd1 15. Nxa5 Nb3 16. Rxd1 Nxa1 17. Bd2 Nc2 18. Rc1 Rfc8 19. Bc3 Nxa3 20. Bh3 Nc4 21. Bxc8 Rxc8 22. Nf5 Kf8 23. Nxe7 Kxe7 24. Bxf6+ Kxf6 25. Nxb7 Rb8 26. b3 Rxb7 27. bxc4 Rc7 28. c5 Ke6 29. Kg2 Kd7 30. Kf3 Kc6 31. Kf4 f6 32. e4 dxe4 33. Kxe4 Re7+ 34. Kd3 Re5 35. Ra1 Rd5+ 36. Ke3 Rd7 37. Ra5 h6 38. f4 Kb7 39. g4 Kc6 40. h4 Kb7 41. Ke4 Kc6 42. Kf5 Re7 43. Kg6 Rd7 44. f5 Re7 45. g5 hxg5 46. hxg5 fxg5 47. Kxg5 Rd7 48. Kg6 Re7 49. Kg5 Rf7 50. Kg6 Re7 51. Kg5 Rf7 52. Kg4 Re7 53. Kf4 Kb7 54. Rb5+ Kc6 55. Ra5 Kb7 56. Kf3 Re5 57. c6+ 1-0

[Event "3rd FIDE WCCC Rapid G10 2019"]
[Site "Minsk"]
[Date "2019.08.17"]
[Round "9.5"]
[White "Efimova, Darya"]
[Black "Kuzmina, Varvara"]
[Result "0-1"]
[ECO "A03"]
[WhiteElo "1385"]
[BlackElo "1262"]
[Annotator "NA"]
[PlyCount "88"]
[EventDate "2019.08.16"]
[EventType "swiss"]
[EventCountry "BLR"]
[SourceTitle "playchess.com"]
[Source "ChessBase"]
[SourceQuality "1"]
[TimeControl "600+5"]

1. f4 d5 2. b3 Nf6 3. Bb2 g6 4. e3 Bg7 5. Nf3 c5 6. Be2 Nc6 7. O-O O-O 8. Qe1 a6 9. d3 b5 10. Qg3 Nh5 11. Qh4 Bxb2 12. g4 Nf6 13. h3 Bxa1 14. c3 b4 15. cxb4 Kg7 16. g5 Ng8 17. e4 Kh8 18. f5 Bg7 19. Qf4 dxe4 20. dxe4 Qd6 21. Qh4 Nd4 22. Nxd4 Qxd4+ 23. Kh2 Be5+ 24. Kh1 Bb7 25. Bf3 Bg7 26. Rd1 Qe3 27. Bg2 Rad8 28. Re1 Qd4 29. Qf4 Qe5 30. Qf2 Rd4 31. Nd2 Qd6 32. Nc4 Qd7 33. bxc5 Rd1 34. Rxd1 Qxd1+ 35. Kh2 Bd4 36. Qf4 Qg1+ 37. Kg3 Qe1+ 38. Kg4 Qf2 39. Qxf2 Bxf2 40. b4 h5+ 41. gxh6 Nxh6+ 42. Kg5 Kg7 43. Bf1 Bg3 44. Bd3 f6# 0-1

[Event "3rd FIDE WCCC Rapid G10 2019"]
[Site "Minsk"]
[Date "2019.08.17"]
[Round "9.6"]
[White "Prochaieva, Alina"]
[Black "Mutina, Sofia"]
[Result "0-1"]
[ECO "A00"]
[WhiteElo "1249"]
[BlackElo "1421"]
[Annotator "NA"]
[PlyCount "114"]
[EventDate "2019.08.16"]
[EventType "swiss"]
[EventCountry "BLR"]
[SourceTitle "playchess.com"]
[Source "ChessBase"]
[SourceQuality "1"]
[TimeControl "600+5"]

1. g3 d5 2. Bg2 Nf6 3. d3 e6 4. a3 c5 5. e3 Nc6 6. Ne2 Be7 7. Nd2 O-O 8. O-O Qc7 9. f4 Ng4 10. Rf3 e5 11. h3 Nf6 12. e4 exf4 13. gxf4 dxe4 14. Nxe4 Rd8 15. Nxf6+ Bxf6 16. Qf1 Qb6 17. Kh2 Be6 18. Nc3 Nd4 19. Rf2 Bh4 20. Rd2 Qc7 21. Ne2 Bg5 22. Nxd4 Bxf4+ 23. Kh1 Rxd4 24. Rf2 Bxc1 25. Rxc1 Rad8 26. Rd1 c4 27. Rfd2 cxd3 28. Rxd3 Rxd3 29. Rxd3 Rxd3 30. Qxd3 b6 31. Qe4 g6 32. Qd3 Bf5 33. Be4 Bxe4+ 34. Qxe4 Qd7 35. Qe2 Qxh3+ 36. Kg1 Qg3+ 37. Kh1 h5 38. Qe8+ Kg7 39. Qe2 Qh3+ 40. Kg1 Qg4+ 41. Qxg4 hxg4 42. Kg2 f5 43. b4 Kf7 44. c4 Ke7 45. Kg3 g5 46. Kg2 Kd6 47. a4 a5 48. b5 Kc5 49. Kg3 Kxc4 50. Kg2 Kb4 51. Kg3 Kxa4 52. Kg2 Kxb5 53. Kg3 a4 54. Kg2 a3 55. Kg3 a2 56. Kg2 a1=Q 57. Kg3 Qg1# 0-1